 Dungeon Crawl Stone Soup version 0.31-a0-1610-g9787180647 (webtiles) character file.

Game seed: 7803300285611797161

260 Inarius the Chopper (level 6, -1/40 (42) HPs)
             Began as an Octopode Fighter on Jan 8, 2024.
             Slain by a sky beast (5 damage)
             ... on level 4 of the Dungeon.
             The game lasted 00:04:10 (3089 turns).

Inarius the Chopper (Octopode Fighter)              Turns: 3089, Time: 00:04:10

HP:   -1/40 (42)    AC:  1    Str: 16    XL:     6   Next: 17%
MP:   15/15         EV: 13    Int: 10    God:
Gold: 244           SH:  5    Dex: 13    Spells: 5/5 levels left

rFire   . . .        a - +0 war axe
rCold   . . .        b - +0 buckler
rNeg    + . .        (helmet restricted)
rPois   .            (no amulet)
rElec   .            e - ring of magical power
rCorr   .            i - ring of willpower
SInv    .            j - ring of positive energy
Will    +....        (no ring)
Stlth   +++          (no ring)
HPRegen 0.26/turn    (no ring)
MPRegen 0.14/turn    (no ring)
                     (no ring)

%: no passive effects
@: lightly drained
A: almost no armour, amphibious, 8 rings, camouflage 1, gelatinous body 1,
(nimble swimmer 1), tentacles
a: no special abilities


You were on level 4 of the Dungeon.
You visited 1 branch of the dungeon, and saw 4 of its levels.

You collected 244 gold pieces.

Inventory:

Hand Weapons
 a - a +0 war axe (weapon)
Armour
 b - a +0 buckler (worn)
Jewellery
 e - a ring of magical power (left tentacle)
 i - a ring of willpower (right tentacle)
 j - a ring of positive energy (on tentacle)
Wands
 f - a wand of iceblast (8)
 n - a wand of paralysis (10)
Scrolls
 c - 2 scrolls of identify {unknown}
 h - a scroll of enchant weapon {unknown}
 m - a scroll of blinking {unknown}
 o - a scroll of brand weapon {unknown}
 p - a scroll of amnesia {unknown}
 s - a scroll of revelation {unknown}
Potions
 d - a potion of berserk rage {unknown}
 g - a potion of attraction {unknown}
 k - a potion of curing {unknown}
 l - 2 potions of heal wounds {unknown}
 q - a potion of might
 r - a potion of degeneration {unknown}


   Skills:
 + Level 3.4 Fighting
 + Level 4.2 Axes
 + Level 3.6 Dodging
 + Level 2.8 Stealth
 + Level 3.8 Shields
 * Level 1.3 Evocations


You had 5 spell levels left.
You didn't know any spells.
Your spell library contained the following spells:

 Spells                   Type           Power      Damage    Failure   Level
 Magic Dart               Conj           0%         1d3       43%         1
 Ensorcelled Hibernation  Hex/Ice        0%         N/A       58%         2
 Lesser Beckoning         Tloc           0%         N/A       58%         2
 Searing Ray              Conj           0%         2d4       58%         2
 Gell's Gravitas          Tloc           0%         N/A       82%         3
 Passwall                 Erth           0%         N/A       82%         3
 Swiftness                Air            0%         N/A       82%         3
 Teleport Other           Tloc           0%         N/A       82%         3
 Fulminant Prism          Conj/Alch      0%         3d5       99%         4


Dungeon Overview and Level Annotations

Branches:
Dungeon (4/15)
 Temple: D:4-7

Altars:
Hepliaklqana


Innate Abilities, Weirdness & Mutations

You cannot wear most types of armour.
You are amphibious.
You can wear up to eight rings at the same time.
Your skin changes colour to match your surroundings (Stealth+).
Your rubbery body absorbs attacks. (AC +1, EV +1)
((You are camouflaged when in or above water. (Stealth+)))
You have tentacles for arms and can constrict up to eight enemies at once.


Message History

No target in view!
No target in view!
No target in view!
No target in view!
A sky beast comes into view.
A sky beast is nearby!
A sky beast is nearby!
A sky beast is nearby!
A sky beast is nearby!
The helpless sky beast fails to defend itself.
You hit the sky beast.
The sky beast is lightly wounded.
The sky beast flickers out of sight!
Deactivating autopickup; reactivate with Ctrl-A.
Something hits you. Something shocks you.
No target in view!
No target in view!
No target in view!
No target in view!
No target in view!
No target in view!
No target in view!
No target in view!
No target in view!
No target in view!
No target in view!
No target in view!
No target in view!
No target in view!
No target in view!
You miss something. Something hits you. Something shocks you.
You slash something! Something hits you. Something shocks you.
Something hits you.
* * * LOW HITPOINT WARNING * * *
Something shocks you.
* * * LOW HITPOINT WARNING * * *
You miss something. Your squeeze misses something. Something hits you.
* * * LOW HITPOINT WARNING * * *
Something shocks you.
You die...

#.. ###.###..##.##
#... #...#....##.##
..# #.###.#..##...
#.. #.....#..##..#
#..#
####.......##..# #..
#....###........
#..##....####.###...
#...................
#..@....##..........
#.{...####..........
#......##...........
#....#..............
#....#..##..........
#....#####......^...
#....# ###########
#....#


There were no monsters in sight!

Vanquished Creatures
  A bombardier beetle (D:2)
  An orc wizard (D:3)
  Ijyb (D:3)
  Robin (D:2)
  7 adders
  A ribbon worm (D:2)
  3 orcs (D:3)
  2 endoplasms
  5 giant cockroaches (D:1)
  25 goblins
  14 hobgoblins
  5 jackals
  6 kobolds
  4 quokkas
  9 ball pythons
  4 bats
  4 frilled lizards
  5 rats
98 creatures vanquished.

Vanquished Creatures (others)
  A goblin (D:3)
1 creature vanquished.

Grand Total: 99 creatures vanquished

Notes
Turn   | Place    | Note
-------+----------+-------------------------------------------
     0 | D:1      | Inarius the Octopode Fighter began the quest for the Orb.
     0 | D:1      | Reached XP level 1. HP: 16/16 MP: 1/1
    72 | D:1      | Reached XP level 2. HP: 16/21 MP: 2/2
   556 | D:1      | Reached XP level 3. HP: 26/26 MP: 3/3
   707 | D:1      | Reached skill level 1 in Stealth
  1241 | D:2      | Reached XP level 4. HP: 31/31 MP: 4/4
  1317 | D:2      | Noticed Robin
  1321 | D:2      | Killed Robin
  1568 | D:2      | Found a hazy altar of Hepliaklqana.
  1576 | D:2      | Reached skill level 3 in Axes
  1576 | D:2      | Reached XP level 5. HP: 36/36 MP: 5/5
  1885 | D:3      | Noticed Ijyb
  1902 | D:3      | Reached skill level 1 in Evocations
  2066 | D:3      | Found a faded altar of an unknown god.
  2278 | D:3      | Reached skill level 4 in Axes
  2306 | D:3      | Killed Ijyb
  2307 | D:3      | Reached XP level 6. HP: 18/39 MP: 6/6
  3071 | D:4      | Noticed a sky beast
  3089 | D:4      | Slain by a sky beast

Illustrated notes

Levels and vault maps discovered:
D:1:      lightli_arrival_lavapool, layout_basic, grunt_decor_clamped,
          minmay_misc_feat_tower
D:2:      layout_basic, basic_altar, uniq_robin
D:3:      kennysheep_goblin_castle, layout_loops_ring,
          chequers_ecumenical_altar_simple_redux, roderic_serpentine_path,
          minmay_misc_feat_roman, minmay_increasing_density
D:4:      layout_rooms

Skill      XL: |  1  2  3  4  5 |
---------------+----------------+-----
Stealth        | 1 2 |  2.8
Axes           | 3 4 |  4.2
Evocations     | 1 |  1.3
Fighting       | |  3.4
Dodging        | |  3.6
Shields        | |  3.8

Action                     |  1- 3 |  4- 6 || total
---------------------------+-------+-------++-------
  Melee: War axe           |    73 |   107 ||   180
         Constrict         |    21 |    30 ||    51
         Tentacles         |     7 |    18 ||    25
         Punch             |       |     1 ||     1
    Use: Scroll            |       |     2 ||     2
         Potion            |       |     1 ||     1
   Stab: Sleeping          |     4 |    16 ||    20
         Distracted        |     1 |       ||     1
 Armour: Skin              |    29 |    45 ||    74
  Dodge: Dodged            |    54 |    74 ||   128
  Block: Buckler           |    21 |    15 ||    36

Table legend: (Time is in decaauts)
 A = Elapsed time spent in this place.
 B = Non-inter-level travel time spent in this place.
 C = Inter-level travel time spent in this place.
 D = Time resting spent in this place.
 E = Time spent auto-exploring this place.
 F = Levels seen in this place.
 G = Mean time per level.
                   A        B        C        D        E       F      G
               +--------+--------+--------+--------+--------+-----+--------+
         Total |   3157 |   3070 |     87 |    347 |   2028 |   4 |  789.2 |
       Dungeon |   3157 |   3070 |     87 |    347 |   2028 |   4 |  789.2 |
               +--------+--------+--------+--------+--------+-----+--------+

Top non-repeatable levels by time:
     D:3: 1233 daAuts
     D:1: 1019 daAuts
     D:2: 717 daAuts
     D:4: 186 daAuts
